Match 41524546
Unlisted

Match 41524546
End
Construct Infanterie Kompanie
Selects Terror Battlegroup
Selects Machine Gun Camouflage
Grenadier Squad
MG 42 Machine Gun Team
Grenadier Squad
Construct Panzergrenadier Kompanie
GrW 34 Mortar Team
Panzergrenadier Squad
Selects Contempt for the Weak
251 Medium Carrier
Support Elements
StuG III G Assault Gun
Panzergrenadier Squad
Construct Panzer Kompanie
Selects Propaganda Leaflet Drop
Panzer IV Medium Tank
Panzer Officer Quarters
Side Skirts
Panzer IV Medium Tank
Selects V1 Rocket Strike
V1 Rocket Strike
Stoßtruppen Squad
Panzer IV Medium Tank
Selects Defend the Fatherland
Pioneer Squad
V1 Rocket Strike
Grenadier Squad
V1 Rocket Strike
Selects King Tiger Heavy Tank
King Tiger Heavy Tank
Panzer IV Medium Tank
Stoßtruppen Squad
Stoßtruppen Squad
SovereignRO
mood
DMTriBorn2Party
Mael Radec
PINGWIN
Greg the Human
Omlás
pizza2power
0
0

Comments sign in to comment!

No comments posted yet!